 Dungeon Crawl Stone Soup version 0.24.1 (webtiles) character file.

Game seed: 9250959398108105241, levelgen mode: deterministic

108 Destapler the Skirmisher (level 4, -6/61 HPs)
             Began as a Minotaur Hunter on Mar 28, 2020.
             Mangled by Grinder (8 damage)
             ... on level 3 of the Dungeon.
             The game lasted 00:03:44 (1478 turns).

Destapler the Skirmisher (Minotaur Hunter)          Turns: 1478, Time: 00:03:45

Health: -6/61      AC:  6    Str: 21    XL:     4   Next: 58%
Magic:  3/3        EV: 10    Int: 13    God:
Gold:   104        SH:  0    Dex: 12    Spells: 3/3 levels left

rFire    + . .     SeeInvis .   a - +0 short sword
rCold    . . .     Gourm    .   (no shield)
rNeg     + . .     Faith    .   e - +0 scale mail
rPois    .         Spirit   .   (helmet restricted)
rElec    .         Reflect  .   (no cloak)
rCorr    .         Harm     .   (no gloves)
MR       .....                  (no boots)
Stlth    ..........             s - amulet of the acrobat
HPRegen  0.20/turn              n - ring of protection from fire
MPRegen  0.08/turn              r - ring of positive energy

@: brilliant, berserking, very quick
A: retaliatory headbutt, horns 2
a: no special abilities


You were on level 3 of the Dungeon.
You were not hungry.

You visited 1 branch of the dungeon, and saw 3 of its levels.

You collected 104 gold pieces.

Inventory:

Hand Weapons
 a - a +0 short sword (weapon)
Missiles
 c - 6 javelins (quivered)
 d - 2 throwing nets
 q - 24 stones
Armour
 b - a +0 leather armour
 e - a +0 scale mail (worn)
Jewellery
 n - a ring of protection from fire (left hand)
 r - a ring of positive energy (right hand)
 s - an amulet of the acrobat (around neck)
Wands
 x - a wand of disintegration (14)
Scrolls
 j - 4 scrolls of identify {unknown}
 m - 2 scrolls of remove curse {unknown}
 p - a scroll of enchant armour {unknown}
 u - a scroll of teleportation {unknown}
 y - 3 scrolls of fear {unknown}
Potions
 g - a potion of cancellation {unknown}
 h - 2 potions of brilliance
 i - 2 potions of flight {unknown}
 l - a potion of heal wounds {unknown}
 o - 2 potions of might {unknown}
 v - a potion of agility {unknown}
 w - a potion of magic {unknown}
Comestibles
 f - 7 rations
 t - 8 chunks of flesh


   Skills:
 + Level 4.5 Fighting
 - Level 4.0 Throwing
 + Level 3.5 Armour
 - Level 2.1 Dodging
 - Level 0.7 Stealth


You had 3 spell levels left.
You didn't know any spells.
Your spell library was empty.

Dungeon Overview and Level Annotations

Branches:
Dungeon (3/15)

Altars:
Nemelex Xobeh

Annotations:
D:3 Grinder


Innate Abilities, Weirdness & Mutations

You reflexively headbutt those who attack you in melee.
You have a pair of horns on your head.


Message History

You hit Grinder.
Grinder is heavily wounded.
The bat hits you but does no damage. x2; The rat misses you.
The quokka barely misses you. You furiously retaliate!
You headbutt the quokka!
You kill the quokka!
Grinder hits you!
* * * LOW HITPOINT WARNING * * *
You barely miss Grinder. You headbutt Grinder!
Grinder is severely wounded.
The bat barely misses you. The rat bites you.
* * * LOW HITPOINT WARNING * * *
You closely miss Grinder.
Grinder is severely wounded.
The bat barely misses you. You furiously retaliate!
You headbutt the bat!
You kill the bat!
Grinder hits you but does no damage. The rat bites you but does no damage.
You closely miss Grinder.
Grinder is severely wounded.
Grinder hits you!
You die...

....#.#..###...........S.....
............#...#............
.#.##......(....#....<....#
.#.###..#.)............##.#
.#.# ##.#.#..........### ...#
#.....#........# ..##
#...###.....r..## #.# #..##
#..r.†....## #.#####^.##
#...@5...... #
#......#####.##...#.#
....>####..####.###### ....
##.#.[..>....# ..
#...).......# . ###.÷.......#
#.........# #.........#
#.........#


You could see Grinder and 2 rats.

Vanquished Creatures
  A howler monkey zombie (D:2)
  3 adders
  2 worms (D:2)
  3 dart slugs
  2 leopard geckos
  4 orcs (D:3)
  5 bats
  A giant cockroach (D:1)
  6 goblins
  6 hobgoblins
  3 jackals (D:2)
  4 kobolds
  A quokka (D:3)
  A ball python (D:1)
  6 frilled lizards
  5 rats
53 creatures vanquished.

Notes
Turn   | Place    | Note
-------+----------+-------------------------------------------
     0 | D:1      | Destapler the Minotaur Hunter began the quest for the Orb.
     0 | D:1      | Reached XP level 1. HP: 18/18 MP: 0/0
     4 | D:1      | Noticed a four-headed hydra
    96 | D:1      | Reached skill level 1 in Armour
   130 | D:1      | Reached XP level 2. HP: 24/26 MP: 1/1
   539 | D:1      | Noticed a four-headed hydra
   607 | D:2      | Reached XP level 3. HP: 31/31 MP: 2/2
  1156 | D:2      | Reached XP level 4. HP: 37/40 MP: 3/3
  1171 | D:2      | Found a sparkling altar of Nemelex Xobeh.
  1465 | D:3      | Noticed Grinder
  1475 | D:3      | HP: 2/61 [Grinder (7)]
  1478 | D:3      | Mangled by Grinder

Levels and vault maps discovered:
D:1:      sevenhm_arrival_forest_fort_small_2, layout_basic
D:2:      layout_basic, nemelex_xobeh_ov_fountains_minmay
D:3:      layout_rooms, first_ration, uniq_grinder

Skill      XL: |  1  2  3 |
---------------+----------+-----
Armour         | 1 2 3 |  3.5
Fighting       | 3 4 |  4.5
Throwing       | |  4.0
Dodging        | |  2.1
Stealth        | |  0.7

Action                   |  1- 3 |  4- 6 || total
-------------------------+-------+-------++-------
Melee: Short sword       |   108 |    47 ||   155
       Headbutt          |    16 |     4 ||    20
  Use: Potion            |       |     2 ||     2
  Eat: Chunk             |     1 |     1 ||     2
Armor: Scale mail        |    49 |    31 ||    80
Dodge: Dodged            |    58 |    41 ||    99
